[Event "HUN-chT Youth 2019"]
[Site "Budapest"]
[Date "2019.10.29"]
[Round "7.8"]
[White "Foldes, Marton Gabor"]
[Black "Szuhorukov, Marcell"]
[Result "1-0"]
[ECO "C05"]
[WhiteElo "1755"]
[BlackElo "1384"]
[Annotator "NA"]
[PlyCount "109"]
[EventDate "2019.10.26"]
[EventType "team-tourn"]
[EventCountry "HUN"]
[SourceTitle "playchess.com"]
[Source "ChessBase"]
[SourceQuality "1"]
[TimeControl "5400+30"]

1. e4 e6 2. d4 d5 3. Nd2 Nf6 4. e5 Nfd7 5. Ngf3 c5 6. c3 Nc6 7. Bd3 Be7 8. O-O O-O 9. a3 Qb6 10. b4 cxd4 11. cxd4 Nxd4 12. Bb2 Nc6 13. Qe2 a5 14. b5 Na7 15. a4 Nc5 16. Bc2 Bd7 17. Nd4 Rac8 18. Kh1 f6 19. Qh5 f5 20. f4 Be8 21. Qe2 Bg6 22. Rac1 Rc7 23. N2f3 Bh5 24. Qd2 Bf7 25. Bc3 Ne4 26. Bxe4 Rxc3 27. Qxc3 fxe4 28. Ng5 Bb4 29. Qh3 h6 30. Ngxe6 Re8 31. f5 Bxe6 32. Nxe6 d4 33. Qg4 Bf8 34. Qxe4 Kh8 35. Nxd4 Nc8 36. Ne6 Ne7 37. Qd4 Qxd4 38. Nxd4 Nd5 39. Ne6 Ne3 40. Rf3 Bb4 41. Rxe3 Bd2 42. Rec3 Bxc3 43. Rxc3 g6 44. g4 Kh7 45. Rc7+ Kh8 46. Rxb7 h5 47. f6 h4 48. f7 Ra8 49. f8=Q+ Rxf8 50. Nxf8 g5 51. Rd7 h3 52. b6 Kg8 53. b7 Kh8 54. b8=Q Kg8 55. Ng6# 1-0

[Event "HUN-chT Youth 2019"]
[Site "Budapest"]
[Date "2019.10.29"]
[Round "7.9"]
[White "Tapodi, Norman Lajos"]
[Black "Juhasz, Agoston"]
[Result "1/2-1/2"]
[ECO "A50"]
[WhiteElo "2102"]
[BlackElo "2115"]
[Annotator "ChessBase"]
[PlyCount "65"]
[EventDate "2019.10.26"]
[EventType "team-tourn"]
[EventCountry "HUN"]
[SourceTitle "playchess.com"]
[Source "ChessBase"]
[SourceQuality "1"]
[TimeControl "5400+30"]

1. d4 Nf6 2. c4 b6 3. Nc3 Bb7 4. f3 d5 5. cxd5 Nxd5 6. e4 Nxc3 7. bxc3 e6 8. Be3 Be7 9. Bb5+ c6 10. Bd3 O-O 11. Ne2 c5 12. O-O cxd4 13. cxd4 Nc6 14. Qa4 Nb4 15. Rfd1 Nxd3 16. Rxd3 Qd6 17. Bf4 Qc6 18. Qxc6 Bxc6 19. Rc3 Bb5 20. Kf2 Rfc8 21. Rac1 Rxc3 22. Rxc3 Kf8 23. Rc7 Bd8 24. Rc1 Bd7 25. Ke3 b5 26. Bd6+ Ke8 27. Rc2 Bb6 28. Nc1 f6 29. f4 Rc8 30. Rxc8+ Bxc8 31. Nb3 a5 32. a3 g6 33. Kd3 1/2-1/2

[Event "HUN-chT Youth 2019"]
[Site "Budapest"]
[Date "2019.10.29"]
[Round "7.9"]
[White "Meszaros, Jazmin"]
[Black "Csernyik, Mark"]
[Result "0-1"]
[ECO "B01"]
[WhiteElo "1171"]
[BlackElo "1749"]
[Annotator "NA"]
[PlyCount "72"]
[EventDate "2019.10.26"]
[EventType "team-tourn"]
[EventCountry "HUN"]
[SourceTitle "playchess.com"]
[Source "ChessBase"]
[SourceQuality "1"]
[TimeControl "5400+30"]

1. e4 d5 2. Nc3 dxe4 3. Nxe4 Nf6 4. Nxf6+ exf6 5. Nf3 Nc6 6. Be2 Bd6 7. O-O Bf5 8. Bd3 Bxd3 9. cxd3 O-O 10. Nh4 Be5 11. Qg4 Qxd3 12. Nf5 g6 13. Nh6+ Kh8 14. Re1 Nd4 15. Qe4 Qxe4 16. Rxe4 Rae8 17. d3 f5 18. Re3 Nc2 19. Rb1 Nxe3 20. Bxe3 Kg7 21. Bc5 Bd6 22. Bxd6 cxd6 23. Rc1 Rc8 24. Rxc8 Rxc8 25. g3 Kxh6 26. Kg2 Rc2 27. a3 Rd2 28. b4 Rxd3 29. a4 d5 30. b5 Rb3 31. a5 d4 32. b6 axb6 33. axb6 d3 34. Kh3 d2 35. Kh4 d1=Q 36. f4 Qg4# 0-1

[Event "HUN-chT Youth 2019"]
[Site "Budapest"]
[Date "2019.10.29"]
[Round "7.10"]
[White "Kovacsy, Barnabas"]
[Black "Daroczi, Donat"]
[Result "1-0"]
[ECO "C11"]
[WhiteElo "2093"]
[BlackElo "1976"]
[Annotator "NA"]
[PlyCount "59"]
[EventDate "2019.10.26"]
[EventType "team-tourn"]
[EventCountry "HUN"]
[SourceTitle "playchess.com"]
[Source "ChessBase"]
[SourceQuality "1"]
[TimeControl "5400+30"]

1. e4 e6 2. d4 d5 3. Nc3 Nf6 4. e5 Nfd7 5. f4 c5 6. Nf3 Nc6 7. Be3 a6 8. Qd2 b5 9. dxc5 Bxc5 10. Bd3 {[%emt 0:00:17] C11: French: Classical System: 4 e5 and 4 Bg5 dxe4} (10. Ne2 O-O 11. Ned4 Qb6 12. c3 b4 13. Bd3 a5 14. O-O Ba6 15. Kh1 Bxd3 16. Qxd3 Qa6 17. Qc2 bxc3 18. bxc3 {½-½ (31) Dominguez Perez,L (2739)-So,W (2788) Saint Louis 2017}) 10... Qb6 11. Bf2 Bb7 12. a3 Rc8 13. O-O Bxf2+ 14. Qxf2 $146 ({Predecessor:} 14. Rxf2 Ne7 15. b4 O-O 16. Ne2 g6 17. Ned4 Kh8 {½-½ (17) Bagi,M (2385)-Rambaldi,F (2490) Graz 2015}) 14... Ke7 15. Ne2 Qxf2+ 16. Kxf2 Nc5 17. Ned4 Nxd3+ 18. cxd3 g6 19. Rac1 Rc7 20. Rc5 Rhc8 21. Rfc1 Kd8 22. Nxc6+ Bxc6 {[%emt 0:01:44] [#]} 23. Ng5 $1 h6 24. Nxf7+ Rxf7 25. Rxc6 {[%emt 0:00:32] Double Attack} Rxc6 26. Rxc6 Kd7 (26... Rxf4+ {was necessary.} 27. Ke3 g5 28. Rxe6 d4+ 29. Ke2 h5 30. Rxa6 Rf5 31. Rd6+ Kc7 32. Rxd4 Rxe5+ 33. Re4 Rc5) 27. Rd6+ Ke7 28. g3 g5 29. Rxa6 Rf5 30. Kf3 $18 1-0

[Event "HUN-chT Youth 2019"]
[Site "Budapest"]
[Date "2019.10.29"]
[Round "7.10"]
[White "Karacsonyi, Bank"]
[Black "Szuhorukov, Viktor"]
[Result "0-1"]
[ECO "C05"]
[WhiteElo "1513"]
[BlackElo "1213"]
[Annotator "NA"]
[PlyCount "72"]
[EventDate "2019.10.26"]
[EventType "team-tourn"]
[EventCountry "HUN"]
[SourceTitle "playchess.com"]
[Source "ChessBase"]
[SourceQuality "1"]
[TimeControl "5400+30"]

1. e4 e6 2. d4 d5 3. Nd2 Nf6 4. Bd3 Be7 5. Ngf3 O-O 6. O-O c5 7. dxc5 Bxc5 8. exd5 Nxd5 9. Nb3 Be7 10. Qe2 Nc6 11. Rd1 Qc7 12. Bd2 a6 13. a3 Bf6 14. Qe4 g6 15. c4 Nde7 16. Bh6 Rd8 17. Ng5 Nf5 18. Qf3 Bxb2 19. Rab1 Nxh6 20. Rxb2 Qe5 21. Nxf7 Nxf7 22. Rbd2 Qc3 23. Nc5 Qxa3 24. Ne4 Qe7 25. Nf6+ Kg7 26. Nxh7 Qh4 27. Bxg6 Kxg6 28. Rxd8 Ncxd8 29. Nf8+ Kg7 30. g3 Qe7 31. Rd4 Kxf8 32. Rh4 Ke8 33. Rg4 Qf8 34. Qf6 a5 35. h4 a4 36. h5 a3 0-1

[Event "HUN-chT Youth 2019"]
[Site "Budapest"]
[Date "2019.10.29"]
[Round "7.11"]
[White "Kiss, Rebeka"]
[Black "Koltai, Dora"]
[Result "1/2-1/2"]
[ECO "C42"]
[WhiteElo "1743"]
[BlackElo "1845"]
[Annotator "NA"]
[PlyCount "55"]
[EventDate "2019.10.26"]
[EventType "team-tourn"]
[EventCountry "HUN"]
[SourceTitle "playchess.com"]
[Source "ChessBase"]
[SourceQuality "1"]
[TimeControl "5400+30"]

1. e4 e5 2. Nf3 Nf6 3. Nxe5 d6 4. Nf3 Nxe4 5. Nc3 Nf6 6. d4 Be7 7. Bd3 O-O 8. h3 c6 9. O-O h6 10. Bd2 Be6 11. Ne2 Qc8 12. Re1 Re8 13. Nf4 Bf5 14. c4 Bxd3 15. Nxd3 $11 d5 16. c5 Ne4 17. Bf4 Nd7 18. Nde5 Bf6 19. Re3 Bxe5 20. Nxe5 Nxe5 21. Bxe5 b6 22. b4 Re6 23. Qe2 Rg6 24. Bh2 Ng5 25. Kh1 Re6 26. Re1 Rxe3 27. Qxe3 Qe6 28. f3 1/2-1/2

[Event "HUN-chT Youth 2019"]
[Site "Budapest"]
[Date "2019.10.29"]
[Round "7.11"]
[White "Benedek, Huba"]
[Black "Karacsonyi, Luca"]
[Result "1/2-1/2"]
[ECO "B50"]
[WhiteElo "1125"]
[BlackElo "1556"]
[Annotator "NA"]
[PlyCount "57"]
[EventDate "2019.10.26"]
[EventType "team-tourn"]
[EventCountry "HUN"]
[SourceTitle "playchess.com"]
[Source "ChessBase"]
[SourceQuality "1"]
[TimeControl "5400+30"]

1. e4 c5 2. Nf3 d6 3. g3 Nf6 4. d3 Nc6 5. Bg2 g6 6. O-O Bg7 7. Nc3 O-O 8. Bg5 Bg4 9. h3 Bd7 10. Qd2 Qc8 11. Kh2 Re8 12. Bh6 Bh8 13. Rae1 a6 14. Na4 Qc7 15. Nc3 b5 16. a3 Rab8 17. Bg5 Qa7 18. Kg1 a5 19. b3 b4 20. axb4 axb4 21. Nd5 Nxd5 22. exd5 Bc3 23. Qc1 Bxe1 24. dxc6 Bxf2+ 25. Rxf2 Bxc6 26. Re2 Qa3 27. Re1 f6 28. Be3 Ra8 29. d4 1/2-1/2

[Event "HUN-chT Youth 2019"]
[Site "Budapest"]
[Date "2019.10.29"]
[Round "7.12"]
[White "Matyassy, Lazar"]
[Black "Fulop, Csilla"]
[Result "1-0"]
[ECO "B35"]
[WhiteElo "1652"]
[BlackElo "1462"]
[Annotator "NA"]
[PlyCount "51"]
[EventDate "2019.10.26"]
[EventType "team-tourn"]
[EventCountry "HUN"]
[SourceTitle "playchess.com"]
[Source "ChessBase"]
[SourceQuality "1"]
[TimeControl "5400+30"]

1. e4 c5 2. Nf3 Nc6 3. d4 cxd4 4. Nxd4 g6 5. Nc3 Bg7 6. Be3 Nf6 7. Bc4 O-O 8. Bb3 d6 9. f3 Bd7 10. Qd2 Rc8 11. O-O-O Na5 12. Bh6 Nxb3+ 13. Nxb3 Qc7 14. h4 Rfd8 15. Bxg7 Kxg7 16. h5 a5 17. hxg6 fxg6 18. Nd5 Nxd5 19. exd5 h5 20. g4 Rh8 21. gxh5 e5 22. dxe6 Bxe6 23. hxg6 Bxb3 24. axb3 Kxg6 25. Rdg1+ Kf5 26. Rg5+ 1-0

[Event "HUN-chT Youth 2019"]
[Site "Budapest"]
[Date "2019.10.29"]
[Round "7.12"]
[White "Szarvas, Nora"]
[Black "Koronczai, Csongor"]
[Result "1/2-1/2"]
[ECO "A09"]
[WhiteElo "1274"]
[BlackElo "1088"]
[Annotator "NA"]
[PlyCount "69"]
[EventDate "2019.10.26"]
[EventType "team-tourn"]
[EventCountry "HUN"]
[SourceTitle "playchess.com"]
[Source "ChessBase"]
[SourceQuality "1"]
[TimeControl "5400+30"]

1. Nf3 d5 2. c4 dxc4 3. Qa4+ Nc6 4. Qxc4 Be6 5. Qb5 Rb8 6. e3 Nf6 7. g3 Bd5 8. Bg2 a6 9. Qa4 e6 10. O-O Bd6 11. Nc3 O-O 12. e4 b5 13. Qc2 Bc4 14. Re1 Nb4 15. Qd1 Nd3 16. Re3 Bc5 17. Re2 Nxc1 18. Rxc1 Bxe2 19. Nxe2 Qe7 20. d4 Bb6 21. e5 Nd5 22. Nc3 Qb4 23. Nxd5 exd5 24. b3 Rbd8 25. Qd3 c5 26. Ng5 g6 27. e6 cxd4 28. exf7+ Rxf7 29. Nxf7 Kxf7 30. Qf3+ Kg7 31. Qe2 Rd6 32. Qe7+ Kh6 33. Qh4+ Kg7 34. Qe7+ Kh6 35. Qh4+ 1/2-1/2

[Event "HUN-chT Youth 2019"]
[Site "Budapest"]
[Date "2019.10.29"]
[Round "7.13"]
[White "Losonczi, Marcell"]
[Black "Karacsonyi, Gellert"]
[Result "1-0"]
[ECO "C11"]
[WhiteElo "2249"]
[BlackElo "2301"]
[Annotator "ChessBase"]
[PlyCount "101"]
[EventDate "2019.10.26"]
[EventType "team-tourn"]
[EventCountry "HUN"]
[SourceTitle "playchess.com"]
[Source "ChessBase"]
[SourceQuality "1"]
[TimeControl "5400+30"]

1. e4 e6 2. d4 d5 3. Nc3 Nf6 4. e5 Nfd7 5. f4 c5 6. Nf3 Nc6 7. Be3 Be7 8. Qd2 O-O 9. dxc5 Qa5 10. Nb5 Qxd2+ 11. Kxd2 Nxc5 12. c3 f6 13. exf6 gxf6 14. Rd1 a6 15. Nc7 Rb8 16. f5 e5 17. Nxd5 Ne4+ 18. Kc1 Bxf5 19. Nxe7+ Nxe7 20. Bd3 Rbc8 21. Nh4 Nxc3 22. bxc3 e4 23. Bc2 Rxc3 24. Bd4 Rc6 25. Nxf5 Nxf5 26. Kb2 Nd6 27. Bb3+ Nc4+ 28. Kb1 Kg7 29. Rhf1 b5 30. Rf4 Re8 31. Bxc4 bxc4 32. Re1 Rce6 33. Re3 h5 34. Kc2 Kf7 35. Kc3 Rg8 36. g3 Rge8 37. Kxc4 Rc6+ 38. Kd5 Ree6 39. Bc5 Rc8 40. Rfxe4 Rd8+ 41. Kc4 Rc6 42. Re7+ Kg6 43. R3e6 Rxe6 44. Rxe6 Rd2 45. Rxa6 Rxh2 46. a4 Rc2+ 47. Kd5 Rc3 48. Rxf6+ Kg5 49. Rf8 Kg4 50. a5 Kxg3 51. a6 1-0

[Event "HUN-chT Youth 2019"]
[Site "Budapest"]
[Date "2019.10.29"]
[Round "7.13"]
[White "Palczert, Matyas"]
[Black "Kovacs, Reka"]
[Result "1-0"]
[ECO "B34"]
[WhiteElo "2009"]
[BlackElo "1300"]
[Annotator "NA"]
[PlyCount "57"]
[EventDate "2019.10.26"]
[EventType "team-tourn"]
[EventCountry "HUN"]
[SourceTitle "playchess.com"]
[Source "ChessBase"]
[SourceQuality "1"]
[TimeControl "5400+30"]

1. e4 c5 2. Nf3 Nc6 3. d4 cxd4 4. Nxd4 Nf6 5. Nc3 e5 6. Ndb5 d6 7. Nd5 Nxd5 8. exd5 Nb8 9. a4 a6 10. Na3 Be7 11. Be2 O-O 12. O-O Bf5 13. f4 $146 {[%emt 0:02:08] B33: Sicilian: Pelikan and Sveshnikov Variations} ({Predecessor:} 13. Nc4 Nd7 14. a5 Bg6 15. c3 Rc8 16. Be3 f5 17. f4 exf4 18. Bxf4 Nf6 19. Nb6 Rc7 20. Bf3 Ne4 21. Bxe4 fxe4 {½-½ (32) Sebastian,D (2432)-Kalinitschew,S (2492) Germany 2008}) 13... Bg6 14. f5 Bf6 15. fxg6 fxg6 16. Be3 Nd7 17. Nc4 Rc8 18. Nxd6 Rb8 19. Bg4 Nb6 $18 20. Be6+ Kh8 21. Nf7+ Rxf7 22. Bxf7 Nc4 23. Qe2 Nd6 24. Be6 b5 25. axb5 axb5 26. Ba7 Ra8 27. Bc5 Rb8 28. Bxd6 Qxd6 29. Kh1 1-0

[Event "HUN-chT Youth 2019"]
[Site "Budapest"]
[Date "2019.10.29"]
[Round "7.14"]
[White "Demjen, Mark"]
[Black "Tancsa, Tamas"]
[Result "1-0"]
[ECO "C97"]
[WhiteElo "1902"]
[BlackElo "2082"]
[Annotator "NA"]
[PlyCount "73"]
[EventDate "2019.10.26"]
[EventType "team-tourn"]
[EventCountry "HUN"]
[SourceTitle "playchess.com"]
[Source "ChessBase"]
[SourceQuality "1"]
[TimeControl "5400+30"]

1. e4 e5 2. Nf3 Nc6 3. Bb5 a6 4. Ba4 Nf6 5. O-O Be7 6. Re1 b5 7. Bb3 O-O 8. h3 d6 9. c3 Na5 10. Bc2 c5 11. d4 Qc7 12. d5 Re8 13. Nbd2 Bf8 14. Nf1 g6 15. b3 Bg7 {[%emt 0:00:30] C97: Closed Ruy Lopez: Chigorin Defence: 11 d4 Qc7, sidelines} 16. Be3 (16. Ng3 Nb7 17. Bg5 h6 18. Be3 Bd7 19. Qd2 Kh7 20. Nh2 h5 21. Rf1 c4 22. Rac1 cxb3 23. axb3 {1-0 (66) Kamsky,G (2717)-Eljanov,P (2716) Jermuk 2009}) 16... Nh5 17. Ng3 $146 ({Predecessor:} 17. N1d2 Nb7 18. Nh2 Nf4 19. h4 Bd7 20. g3 Nh5 21. Bd3 Rec8 22. Ng4 Nf6 23. Nxf6+ Bxf6 {½-½ (41) Oparin,G (2496)-Stukopin,A (2500) Moscow 2013}) 17... Nxg3 18. fxg3 f5 19. Qd2 Nb7 20. Rf1 Rf8 21. Rad1 c4 22. b4 a5 23. exf5 gxf5 24. Nh4 e4 25. g4 axb4 26. cxb4 Rxa2 $16 27. gxf5 Bf6 28. Rf4 Rf7 29. Bd4 Bxd4+ 30. Qxd4 Rxc2 31. Qxe4 Ra2 32. Qe8+ Kg7 33. Rg4+ Kf6 34. Re1 Nd8 35. Qh8+ Rg7 36. Rxg7 Nf7 37. Rg6# 1-0

[Event "HUN-chT Youth 2019"]
[Site "Budapest"]
[Date "2019.10.29"]
[Round "7.14"]
[White "Sass, Oscar"]
[Black "Hajdu, Marton Abris"]
[Result "0-1"]
[ECO "B42"]
[WhiteElo "1316"]
[BlackElo "1818"]
[Annotator "NA"]
[PlyCount "52"]
[EventDate "2019.10.26"]
[EventType "team-tourn"]
[EventCountry "HUN"]
[SourceTitle "playchess.com"]
[Source "ChessBase"]
[SourceQuality "1"]
[TimeControl "5400+30"]

1. e4 c5 2. Nf3 e6 3. d4 cxd4 4. Nxd4 a6 5. Bd3 Qc7 6. O-O Nf6 7. Nc3 Be7 8. Re1 d6 9. Qf3 O-O 10. Qg3 Nbd7 11. Bh6 Nh5 12. Qg4 Ndf6 13. Qg5 Kh8 14. g4 gxh6 15. Qxh6 Rg8 16. h3 Qb6 17. Nb3 Bf8 18. Qd2 Bd7 19. Kh1 Ng7 20. Qh6 Nge8 21. Qh4 Bc6 22. Kh2 Be7 23. Qh6 Qxf2+ 24. Kh1 Rg6 25. Qc1 Nxg4 26. Re2 Qf3+ 0-1

[Event "HUN-chT Youth 2019"]
[Site "Budapest"]
[Date "2019.10.29"]
[Round "7.15"]
[White "Forgacs, Attila Jr."]
[Black "Kocsis, Peter"]
[Result "1/2-1/2"]
[ECO "C61"]
[WhiteElo "2104"]
[BlackElo "1929"]
[Annotator "ChessBase"]
[PlyCount "97"]
[EventDate "2019.10.26"]
[EventType "team-tourn"]
[EventCountry "HUN"]
[SourceTitle "playchess.com"]
[Source "ChessBase"]
[SourceQuality "1"]
[TimeControl "5400+30"]

1. e4 e5 2. Nf3 Nc6 3. Bb5 Nd4 4. Nxd4 exd4 5. O-O a5 6. a3 c6 7. Ba4 Nf6 8. d3 Bc5 9. f4 O-O 10. Nd2 d5 11. e5 Ng4 12. Nf3 Qb6 13. Re1 Bf5 14. h3 Ne3 15. Bxe3 dxe3 16. d4 Be7 17. Rxe3 c5 18. Rb3 Qa6 19. Re3 b5 20. Bb3 c4 21. Ba2 Qg6 22. Ne1 Bh4 23. c3 f6 24. Kh2 fxe5 25. dxe5 Bf2 26. Rf3 Bxe1 27. Qxe1 Be4 28. Rg3 Qh6 29. Qe3 Qxf4 30. Bb1 Qxe5 31. Bxe4 Qxe4 32. Qxe4 dxe4 33. Re1 Rf2 34. Rxe4 Rxb2 35. Re7 g6 36. h4 Rf8 37. h5 Rf7 38. Re6 Kg7 39. hxg6 hxg6 40. Rexg6+ Kf8 41. Ra6 a4 42. Ra8+ Ke7 43. Ra7+ Kf8 44. Ra8+ Ke7 45. Ra7+ Kf8 46. Ra8+ Ke7 47. Rg6 Rh7+ 48. Kg3 Kf7 49. Rg4 1/2-1/2

[Event "HUN-chT Youth 2019"]
[Site "Budapest"]
[Date "2019.10.29"]
[Round "7.15"]
[White "Nagy, Botond"]
[Black "Benko, Csanad Botond"]
[Result "1/2-1/2"]
[ECO "D30"]
[WhiteElo "1281"]
[BlackElo "1204"]
[Annotator "NA"]
[PlyCount "112"]
[EventDate "2019.10.26"]
[EventType "team-tourn"]
[EventCountry "HUN"]
[SourceTitle "playchess.com"]
[Source "ChessBase"]
[SourceQuality "1"]
[TimeControl "5400+30"]

1. d4 d5 2. c4 e6 3. Bf4 Nf6 4. e3 Nbd7 5. Nc3 a6 6. Nf3 Bb4 7. Qb3 Bxc3+ 8. bxc3 O-O 9. Bd3 c5 10. Bd6 Re8 11. dxc5 b6 12. cxb6 Nxb6 13. Be5 Ng4 14. Bd4 Rb8 15. cxd5 e5 16. Bxb6 Rxb6 17. Qc4 f5 18. Be2 Qd6 19. O-O e4 20. g3 exf3 21. Bxf3 Ne5 22. Qe2 Nxf3+ 23. Qxf3 Bb7 24. c4 Rb4 25. Rab1 Rc8 26. a3 Rxb1 27. Rxb1 Qd7 28. Qe2 a5 29. Qb2 Ba6 30. Qb6 Bxc4 31. Qxa5 Qxd5 32. Qa7 Bb5 33. Qb6 Bc6 34. Qb3 Qxb3 35. Rxb3 Bf3 36. Rb1 Rc3 37. Ra1 Rd3 38. Kf1 Rd1+ 39. Rxd1 Bxd1 40. Ke1 Bf3 41. Kd2 Kf7 42. Kd3 Ke6 43. h4 Kd5 44. a4 Kc5 45. Kc3 Bc6 46. a5 Kb5 47. Kd4 Kxa5 48. Ke5 Be4 49. Ke6 Kb4 50. Kf7 g6 51. Kg7 Bf3 52. Kxh7 Bh5 53. Kh6 Kc5 54. f3 Kd5 55. g4 fxg4 56. fxg4 Bxg4 1/2-1/2

[Event "HUN-chT Youth 2019"]
[Site "Budapest"]
[Date "2019.10.29"]
[Round "7.16"]
[White "Sulyok, Eszter"]
[Black "Toth, Nikoletta"]
[Result "0-1"]
[ECO "A20"]
[WhiteElo "1893"]
[BlackElo "1965"]
[Annotator "NA"]
[PlyCount "72"]
[EventDate "2019.10.26"]
[EventType "team-tourn"]
[EventCountry "HUN"]
[SourceTitle "playchess.com"]
[Source "ChessBase"]
[SourceQuality "1"]
[TimeControl "5400+30"]

1. c4 e5 2. e3 Nf6 3. a3 d5 4. cxd5 Nxd5 5. Qc2 (5. Nf3 Bd6 6. Qc2 Qe7 7. d3 O-O 8. g3 c5 9. Bg2 Nc6 10. O-O Rd8 11. Nc3 Nf6 {0-1 (69) Lenderman,A (2593)-Quesada Perez,Y (2655) Arlington 2014}) 5... Nc6 6. Nf3 {[%emt 0:00:52] A20: English Opening: 1...e5} Be6 7. Bb5 Bd6 8. Bxc6+ bxc6 9. Qxc6+ Kf8 10. Qc2 $146 ({Predecessor:} 10. Nc3 Ne7 11. Qa4 f5 {½-½ (83) Kabanova,E (2190)-Mukhametgaleeva,R (1983) Ivanovo 2011}) 10... g6 11. b4 Bg4 12. Ng1 Kg7 13. h3 Be6 14. Bb2 f6 15. Nf3 Re8 16. d3 Bxb4+ (16... Rc8 $11) 17. axb4 Nxb4 18. Qc3 Nxd3+ 19. Ke2 Rb8 (19... Nxb2 $14 20. Qxb2 Bc4+ 21. Ke1 a5) 20. Qxd3 Rxb2+ 21. Nbd2 e4 $1 22. Qxe4 Bd5 23. Qd3 Bxf3+ 24. gxf3 Qxd3+ 25. Kxd3 Rd8+ 26. Kc3 Rdxd2 27. Rxa7 (27. Rhc1 $17) 27... Rbc2+ ({Not} 27... Rxf2 28. Rc1 $17) 28. Kb3 Rxf2 29. Rd1 $19 g5 30. Rg1 Kg6 31. h4 Rce2 32. Ra6 Rxe3+ 33. Kc4 h6 34. hxg5 hxg5 35. Kd5 Rfxf3 36. Rc6 Rd3+ 0-1

[Event "HUN-chT Youth 2019"]
[Site "Budapest"]
[Date "2019.10.29"]
[Round "7.16"]
[White "Molnar-Saska, Tamas"]
[Black "Nagy, Levente"]
[Result "1/2-1/2"]
[ECO "B35"]
[WhiteElo "1215"]
[BlackElo "2092"]
[Annotator "NA"]
[PlyCount "125"]
[EventDate "2019.10.26"]
[EventType "team-tourn"]
[EventCountry "HUN"]
[SourceTitle "playchess.com"]
[Source "ChessBase"]
[SourceQuality "1"]
[TimeControl "5400+30"]

1. e4 c5 2. Nf3 Nc6 3. d4 cxd4 4. Nxd4 g6 5. Nc3 Bg7 6. Be3 Nf6 7. Bc4 O-O 8. Bb3 Ng4 9. Qxg4 Nxd4 10. Bxd4 {[%emt 0:01:23] B35: Sicilian: Accelerated Dragon with 5 Nc3: main line} (10. Qh4 d6 11. Rd1 Nxb3 12. axb3 Re8 13. O-O b5 14. Bh6 b4 15. Bxg7 Kxg7 16. Nd5 a5 17. f4 e6 18. Qxd8 Rxd8 {½-½ (30) Shyaamnikhil,P (2422)-Himanshu,S (2510) Patna 2017}) 10... Bxd4 11. Qg3 d6 12. O-O $146 ({Predecessor:} 12. O-O-O Bg7 13. h4 Be6 14. Bxe6 fxe6 15. h5 Qe8 16. Rh4 Qf7 17. hxg6 Qxf2 {0-1 (46) Ceylan,S (1689)-Turkkan,E (1531) Antalya 2019}) 12... Bg7 13. Rad1 Bd7 14. Rfe1 Rc8 15. Rd3 Qa5 16. Rde3 Bh6 17. Rd3 Bg7 18. Red1 Bxc3 19. Rxc3 Rxc3 20. Qxc3 Qh5 21. Rf1 Rc8 22. Qe3 Bb5 23. Re1 b6 24. Qf4 Rf8 25. e5 Qf5 $16 ({Black should try} 25... dxe5 $14 26. Qxe5 e6) 26. Qxf5 gxf5 27. exd6 exd6 28. h3 Re8 29. Rd1 Rd8 30. Rd5 Bc6 31. Rxf5 Rd7 32. Kh2 Kg7 33. g3 a5 34. Bc4 Rc7 35. Bb5 Bxb5 36. Rxb5 Rxc2 37. Kg2 Rc6 38. a3 Kf6 39. Kf3 Ke6 40. Kg4 Kf6 41. f4 Ke6 42. Rh5 Rc2 43. b4 Rc3 44. bxa5 Rxa3 45. axb6 Rb3 46. Rxh7 d5 47. Rh6+ Ke7 48. Rc6 Kd7 49. Rc7+ Kd8 50. Rxf7 Rxb6 51. Rf5 Rd6 52. Re5 d4 53. Re1 d3 54. Rd1 d2 55. h4 Ke7 56. Kf3 Kf7 57. Ke2 Rg6 58. Kxd2 Rxg3 59. Rh1 Rf3 60. h5 Rxf4 61. Ke3 Rf6 62. h6 Kg8 63. Ke4 1/2-1/2

[Event "HUN-chT Youth 2019"]
[Site "Budapest"]
[Date "2019.10.29"]
[Round "7.17"]
[White "Bernath, Bence"]
[Black "Szabo, Miklos"]
[Result "1-0"]
[ECO "C88"]
[WhiteElo "2004"]
[BlackElo "1796"]
[Annotator "NA"]
[PlyCount "71"]
[EventDate "2019.10.26"]
[EventType "team-tourn"]
[EventCountry "HUN"]
[SourceTitle "playchess.com"]
[Source "ChessBase"]
[SourceQuality "1"]
[TimeControl "5400+30"]

1. e4 e5 2. Nf3 Nc6 3. Bb5 a6 4. Ba4 Nf6 5. O-O b5 6. Bb3 Be7 7. Re1 d6 8. c3 Bg4 9. d3 O-O 10. Nbd2 Nb8 {[%emt 0:01:47] C90: Closed Ruy Lopez with 7...d6: Early deviations} (10... Na5 11. Bc2 Nd7 12. h3 Bh5 13. Nf1 c5 14. g4 Bg6 15. Ng3 Re8 16. Nf5 Bf8 17. Kg2 d5 18. N3h4 {½-½ (63) Dvoirys,S (2528)-Mindlin,A (2472) Ramat Gan 2018}) 11. h3 Bh5 12. Nf1 c5 $146 ({Predecessor:} 12... Nbd7 13. Ng3 Bg6 14. Nh4 c5 15. Qf3 Rc8 16. Nhf5 c4 17. dxc4 bxc4 18. Bc2 Ne8 19. b4 Bxf5 20. Nxf5 {1-0 (34) Deng,T (1824)-Ton,N (2029) Ho Chi Minh City 2016}) 13. g4 Bg6 14. Ng3 Nbd7 15. Nf5 ({Better is} 15. a4 $16) 15... Nb6 (15... Bxf5 $5 16. gxf5 Qc7 $11) 16. Bc2 Rc8 17. N3h4 Nfd7 18. Nxe7+ Qxe7 19. Nf5 Bxf5 20. gxf5 Qh4 21. Qf3 g6 (21... Nf6 $14) 22. Kh2 Kh8 23. Rg1 Rg8 (23... Qd8 $16 {was worth a try.}) 24. fxg6 (24. Bg5 $16 Qh5 25. Qxh5 gxh5 26. Be7) 24... fxg6 $2 (24... Rxg6 $14 25. Be3 Qe7) 25. Bg5 Qh5 {[%emt 0:00:42] [#]} 26. Qe3 $1 h6 27. Bd1 Qxg5 28. Rxg5 hxg5 29. Qxg5 Rg7 30. Bg4 Rf8 31. f3 Nf6 32. Qh6+ Nh7 33. Rg1 d5 34. Bf5 Rfg8 $18 35. Rxg6 Na4 36. Rxg7 1-0

[Event "HUN-chT Youth 2019"]
[Site "Budapest"]
[Date "2019.10.29"]
[Round "7.19"]
[White "Varga, Marcell"]
[Black "Tubak, Daniel"]
[Result "1/2-1/2"]
[ECO "E91"]
[WhiteElo "2118"]
[BlackElo "2219"]
[Annotator "ChessBase"]
[PlyCount "36"]
[EventDate "2019.10.26"]
[EventType "team-tourn"]
[EventCountry "HUN"]
[SourceTitle "playchess.com"]
[Source "ChessBase"]
[SourceQuality "1"]
[TimeControl "5400+30"]

1. d4 Nf6 2. Nf3 g6 3. c4 Bg7 4. Nc3 d6 5. e4 O-O 6. Be2 Na6 7. h3 c5 8. d5 Nc7 9. O-O a6 10. a4 Rb8 11. Qc2 Bd7 12. a5 b5 13. axb6 Rxb6 14. e5 Bf5 15. Bd3 Bxd3 16. Qxd3 Nd7 17. exd6 exd6 18. Bf4 Nf6 1/2-1/2

[Event "HUN-chT Youth 2019"]
[Site "Budapest"]
[Date "2019.10.29"]
[Round "7.20"]
[White "Kelemen, David"]
[Black "Gyurika, Tamas"]
[Result "1-0"]
[ECO "C74"]
[WhiteElo "2166"]
[BlackElo "1920"]
[Annotator "ChessBase"]
[PlyCount "93"]
[EventDate "2019.10.26"]
[EventType "team-tourn"]
[EventCountry "HUN"]
[SourceTitle "playchess.com"]
[Source "ChessBase"]
[SourceQuality "1"]
[TimeControl "5400+30"]

1. e4 e5 2. Nf3 Nc6 3. Bb5 a6 4. Ba4 d6 5. c3 Nf6 6. O-O Bg4 7. d3 Be7 8. Nbd2 O-O 9. Re1 Qc8 10. Nf1 Nd8 11. Ne3 Ne6 12. Nxg4 Nxg4 13. d4 Nf4 14. dxe5 dxe5 15. Bd7 Rd8 16. Bxc8 Rxd1 17. Bxg4 Ne2+ 18. Kf1 Rxc1 19. Raxc1 Nxc1 20. Rxc1 Bd6 21. Nd2 b5 22. c4 Kf8 23. Be2 c6 24. Nb3 Ke7 25. Na5 Kd7 26. Bg4+ Kc7 27. cxb5 axb5 28. Rxc6+ Kd8 29. Rxd6+ Ke7 30. Rd7+ Kf6 31. Nb3 Rxa2 32. Rd2 Ra4 33. Bf3 g5 34. h3 Kg6 35. Rd6+ f6 36. Ke2 Rb4 37. Rd3 f5 38. exf5+ Kxf5 39. Bg4+ Kf6 40. Ke3 e4 41. Rc3 Ke5 42. Be2 Kd6 43. Nd4 Rxb2 44. Nxb5+ Ke6 45. Nd4+ Kd5 46. Bc4+ Ke5 47. Rb3 {[%emt 0:00:06] Kd5 Kxe4+} 1-0